 Dungeon Crawl Stone Soup version 0.30.1-11-g7821555f0a (webtiles) character file.

Game seed: 3588539228606916624

3611 pkoi the Grappler (level 9, -8/75 HPs)
             Began as a Grey Draconian Monk on Nov 3, 2023.
             Was an Elder of Dithmenos.
             Mangled by an orc warlord
             ... wielding a +5 battleaxe
              (10 damage)
             ... in a bailey.
             The game lasted 00:12:08 (8127 turns).

pkoi the Grappler (Grey Draconian Monk)             Turns: 8127, Time: 00:12:09

Health: -8/75      AC: 15    Str: 17 (20) XL:     9   Next: 86%
Magic:  22/22      EV: 14    Int: 12 (15) God:    Dithmenos [****..]
Gold:   463        SH:  0    Dex: 11 (13) Spells: 8/8 levels left

rFire   . .          .
                       - Unarmed
rCold   . . .        (no shield)
rNeg    . . .        (body armour unavailable)
rPois   .            (helmet restricted)
rElec   .            (no cloak)
rCorr   .            k - +0 pair of gloves
SInv    .            t - +1 pair of boots
Will    .....        (no amulet)
Stlth   +++          f - +6 ring of strength
HPRegen 0.32/turn    w - ring of magical power
MPRegen 0.18/turn

%: no passive effects
@: mighty, wreathed by umbra, studying Invocations, invisible
A: AC +12, amphibious, unfitting armour, cold-blooded
a: Renounce Religion, Shadow Step


You were in a bailey.
You worshipped Dithmenos.
Dithmenos was greatly pleased with you.
You visited 2 branches of the dungeon, and saw 9 of its levels.
You also visited: Bailey.

You collected 583 gold pieces.
You spent 120 gold pieces at shops.

Inventory:

Hand Weapons
 g - a +0 rapier
 p - a +8 club of electrocution
Missiles
 i - 7 boomerangs
 j - a curare-tipped dart
 u - 6 poisoned darts (quivered)
Armour
 b - an orb of light
 k - a +0 pair of gloves (worn)
 t - a +1 pair of boots (worn)
Jewellery
 f - a +6 ring of strength (left hand)
 n - a ring of ice
 s - a ring of fire
 w - a ring of magical power (right hand)
Wands
 o - a wand of flame (14)
 x - a wand of iceblast (10)
 y - a wand of charming (7)
Scrolls
 m - a scroll of silence
 q - 6 scrolls of teleportation
 v - a scroll of enchant weapon
 B - a scroll of amnesia
 C - 4 scrolls of blinking
 E - a scroll of magic mapping
 G - 2 scrolls of butterflies {unknown}
 H - a scroll of enchant armour {unknown}
Potions
 a - a potion of ambrosia
 d - 3 potions of flight
 e - a potion of heal wounds
 h - 7 potions of curing
 l - 2 potions of mutation
 r - 2 potions of brilliance
 z - 2 potions of lignification
 A - a potion of cancellation


   Skills:
 - Level 6.0 Fighting
 - Level 6.0 Dodging
 - Level 3.0 Stealth
 + Level 11.4 Unarmed Combat
 - Level 5.5 Invocations


You had 8 spell levels left.
You didn't know any spells.
Your spell library contained the following spells:

 Spells                   Type           Power      Damage    Failure   Level
 Freeze                   Ice            0%         1d3       32%         1
 Frozen Ramparts          Ice            0%         1d1       69%         3
 Hailstorm                Conj/Ice       0%         3d3       69%         3
 Ozocubu's Armour         Ice            0%         N/A       69%         3
 Summon Guardian Golem    Hex/Summ       0%         N/A       69%         3
 Metabolic Englaciation   Hex/Ice        0%         N/A       100%        5
 Simulacrum               Ice/Necr       0%         N/A       100%        6
 Orb of Destruction       Conj           0%         9d5       100%        7
 Spellforged Servitor     Conj/Summ      0%         N/A       100%        7


Dungeon Overview and Level Annotations

Branches:
Dungeon (8/15)             Temple (1/1) D:7          Bailey (1/1)
   Lair: D:8-11

Altars:
Ashenzari
Dithmenos
Elyvilon
Fedhas
Gozag
Makhleb
Okawaru
Qazlal
Trog
Vehumet
Wu Jian
Yredelemnul
Zin
The Shining One
Lugonu

Shops:
D:4 (   D:6 !


Innate Abilities, Weirdness & Mutations

Your dull iron-grey scales are very hard. (AC +12)
You are amphibious.
You cannot fit into any form of body armour.
You are cold-blooded and may be slowed by cold attacks.


Message History

The orc warrior is lightly wounded.
The orc warrior barely misses you.
It was a potion of degeneration.
There was something very wrong with that liquid.
You feel weakened.
You feel dopey.
You feel clumsy.
The orc warrior hits you with a +0 war axe.
It was a potion of invisibility.
You fade into invisibility!
The orc warrior hits you with a +0 war axe.
The orc warlord hits you with a +5 battleaxe!
You feel very mighty all of a sudden. The orc warrior closely misses you.
The orc warlord hits you with a +5 battleaxe!!
You catch the helpless orc warrior completely off-guard!
You punch the orc warrior!
Your tail-slap misses the orc warrior.
The orc warrior is heavily wounded.
The orc warrior barely misses you.
The orc warlord hits you with a +5 battleaxe.
* * * LOW HITPOINT WARNING * * *
You strike the helpless orc warrior from behind!
You hit the orc warrior.
You tail-slap the orc warrior, but do no damage.
The orc warrior is severely wounded.
You hit the orc warrior but do no damage.
Your tail-slap misses the orc warrior.
The orc warrior is severely wounded.
The orc warrior hits you with a +0 war axe!
* * * LOW HITPOINT WARNING * * *
The orc warlord misses you.
You barely miss the orc warrior.
The orc warrior is severely wounded.
The orc warrior barely misses you.
The orc warlord hits you with a +5 battleaxe!
* * * LOW HITPOINT WARNING * * *
You hit the orc warrior but do no damage.
Your punch misses the orc warrior.
The orc warrior is severely wounded.
The orc warrior barely misses you.
The orc warlord hits you with a +5 battleaxe!
You die...

#...).....#
##.........##
##....)).....#######
.##[.......)##.....##
.)')....o...))......#
.)##.......##)......##
...#.......#.........#
...##.....##...o.....##
....#######.....@.....#
...## ##....o....##
...# #.........# ..##
##.......## ).#
#.......# .## ##...).##
## ####)## .## ..oo...
#....)# ..#
.......#.......#


You could see an orc warlord (unable to see you) and an orc warrior (strong,
unable to see you).

Vanquished Creatures
  Grinder (D:3)
  A yak (D:4)
  9 orc warriors
  An ice beast (D:5)
  An ogre (D:6)
  2 phantoms (D:5)
  2 centaurs
  2 bullfrogs
  8 wights (D:7)
  4 howler monkeys
  An electric eel (D:6)
  3 jellies
  5 hounds
  7 orc priests
  Ijyb (D:3)
  Jessica (D:2)
  4 sleepcaps
  Terence (D:3)
  2 iguanas
  7 orc wizards
  8 gnolls
  9 adders
  2 shadow imps
  A white imp (D:6)
  A worm (D:3)
  3 dart slugs
  26 orcs
  12 ball pythons
  5 endoplasms
  2 giant cockroaches
  11 hobgoblins
  8 jackals
  2 quokkas (D:3)
  4 bats
  6 frilled lizards
  22 goblins
  21 kobolds
  8 rats
  A butterfly (D:7)
215 creatures vanquished.

Notes
Turn   | Place    | Note
-------+----------+-------------------------------------------
     0 | D:1      | pkoi the Draconian Monk began the quest for the Orb.
     0 | D:1      | Reached XP level 1. HP: 19/19 MP: 1/1
   211 | D:1      | Reached XP level 2. HP: 26/26 MP: 2/2
   232 | D:1      | You fall into a shaft and drop 1 floor!
   439 | D:1      | Reached skill level 4 in Unarmed Combat
   707 | D:2      | Reached XP level 3. HP: 26/31 MP: 3/3
  1059 | D:2      | Noticed Jessica
  1069 | D:2      | Killed Jessica
  1070 | D:2      | Reached skill level 5 in Unarmed Combat
  1070 | D:2      | Reached XP level 4. HP: 14/38 MP: 4/4
  1842 | D:2      | Reached XP level 5. HP: 29/45 MP: 5/5
  1904 | D:3      | Reached skill level 6 in Unarmed Combat
  1984 | D:3      | Noticed Ijyb
  2015 | D:3      | HP: 2/45 [Ijyb/+7 club (5)]
  2016 | D:3      | Killed Ijyb
  2302 | D:3      | Noticed Terence
  2343 | D:3      | Killed Terence
  2347 | D:3      | Reached XP level 6. HP: 32/51 MP: 6/6
  2517 | D:3      | Reached skill level 7 in Unarmed Combat
  2689 | D:3      | Found a broken altar of Ashenzari.
  2689 | D:3      | Noticed Grinder
  2703 | D:3      | Killed Grinder
  2704 | D:3      | Reached skill level 8 in Unarmed Combat
  2704 | D:3      | Your scales start taking on a dull iron-grey colour.
  2704 | D:3      | Reached XP level 7. HP: 46/57 MP: 7/7
  3066 | D:4      | Noticed a yak
  3079 | D:4      | Killed a yak
  3188 | D:4      | Found Ceycumo's Antique Weapon Shoppe.
  3199 | D:4      | Reached skill level 9 in Unarmed Combat
  3236 | D:4      | Found a white marble altar of Elyvilon.
  3236 | D:4      | Found a burning altar of Makhleb.
  3257 | D:4      | Found a shadowy altar of Dithmenos.
  3276 | D:4      | Became a worshipper of Dithmenos the Shadowed
  3276 | D:4      | Reached * piety under Dithmenos
  3276 | D:4      | Reached ** piety under Dithmenos
  3567 | D:4      | Reached skill level 1 in Invocations
  3873 | D:5      | Entered Level 5 of the Dungeon
  3885 | D:5      | Reached XP level 8. HP: 66/66 MP: 9/9
  4248 | D:5      | Found an opulent altar of Gozag.
  4771 | D:6      | Found a stormy altar of Qazlal.
  4818 | D:6      | Reached skill level 5 in Fighting
  5072 | D:6      | Found Owaepin's Distillery.
  5082 | D:6      | Reached skill level 5 in Invocations
  5085 | D:6      | Bought a potion of cancellation for 120 gold pieces
  5211 | D:6      | Identified the +1 robe "Ilexu" {Dex+3 Slay+5}
  5580 | D:6      | Reached skill level 10 in Unarmed Combat
  5843 | D:7      | Reached XP level 9. HP: 61/74 MP: 13/13
  6017 | D:7      | Reached *** piety under Dithmenos
  6406 | D:7      | Found a staircase to the Ecumenical Temple.
  6414 | Temple   | Entered the Ecumenical Temple
  6543 | D:7      | Reached skill level 5 in Dodging
  7136 | D:8      | Found a flagged portal.
  7179 | Bailey   | Entered a bailey
  7343 | Bailey   | Reached **** piety under Dithmenos
  7344 | Bailey   | Reached skill level 1 in Stealth
  7556 | Bailey   | Reached skill level 11 in Unarmed Combat
  7901 | Bailey   | Noticed an orc warlord
  8006 | Bailey   | Identified the +0 ring mail "Punif" {rElec}
  8126 | Bailey   | HP: 2/75 [orc warlord/+5 battleaxe (8)]
  8127 | Bailey   | Mangled by an orc warlord

Illustrated notes

Levels and vault maps discovered:
D:1:      dpeg_chamrin_arrival_tetris, layout_basic
D:2:      layout_basic, uniq_jessica
D:3:      layout_rooms, cheibrodos_ashenzari_chains,
          minmay_misc_feat_secret_circle, lexackson_kobold_supper, uniq_terence,
          uniq_ijyb, uniq_grinder
D:4:      layout_basic, nicolae_dithmenos_through_a_glass_darkly,
          gammafunk_temple_overflow_statue, serial_shops, shop,
          minmay_manual_moon
D:5:      layout_cave_pools, mainiacjoe_overflow_brackets, dk_noncrumbling_2,
          nicolae_zen_rock_garden, guppyfry_early_lair_pool
D:6:      layout_loops_ring, nicolae_qazlal_eye_of_the_storm, serial_aquarium,
          aquarium_bridge_square [aquarium_subvault_bridge,
          aquarium_subvault_balcony, aquarium_subvault_window,
          aquarium_subvault_wall], aquarium_bridge_straight
          [aquarium_subvault_bridge, aquarium_subvault_window,
          aquarium_subvault_bridge, aquarium_subvault_wall],
          aquarium_window_fake, aquarium_window_fake, aquarium_window_fake,
          aquarium_view_4, aquarium_view_2e, aquarium_pool_split, serial_shops,
          shop, water_maze_lemuel
D:7:      layout_basic, minmay_temple_entry_butterflies
D:8:      layout_cave_pools, marbit_many_paths, nemelex_diamond_rough_becter,
          enter_bailey_5, special_room [special_room_kobold], dk_noncrumbling_4,
          st_stairs_7
Temple:   corrupted_temple
Bailey:   bailey_axe_minmay_hex_keep, bailey

Skill      XL: |  1  2  3  4  5  6  7  8  9 |
---------------+----------------------------+-----
Unarmed Combat | 4 5 6 8 9 10 11 | 11.4
Invocations    | 2 5 |  5.5
Dodging        | 3 4 6 |  6.0
Fighting       | 5 6 |  6.0
Stealth        | 3 |  3.0

Action                     |  1- 3 |  4- 6 |  7- 9 || total
---------------------------+-------+-------+-------++-------
  Melee: Unarmed           |    83 |   148 |   481 ||   712
         Tailslap          |    10 |    19 |    69 ||    98
         Punch             |       |       |    20 ||    20
  Throw: Dart              |       |     2 |     1 ||     3
    Use: Scroll            |       |     4 |    12 ||    16
         Potion            |       |     4 |     4 ||     8
   Stab: Sleeping          |       |       |     2 ||     2
         Invisible         |       |       |     2 ||     2
 Armour: Skin              |    37 |    41 |   135 ||   213
  Dodge: Dodged            |    57 |    84 |   306 ||   447
